AoeStats
← VALHALLA

Arabia

507630345Analyzed
1v1 RM · 15d ago on Sep 19, 2026· 20m 22s· 2 players
Game mode
Random Map
Map size
Tiny (2 player)
Population
200
Speed
Normal
Resources
Standard
Victory
Conquest
Starting age
Dark Age
Ending age
Imperial Age
RankedLock teamsTeams togetherTeam positionsShared explorationLock speedFull tech treeHidden civsTurbo modeCheats
Victory
Defeat
🇦🇷 Mongols · Argentina
1642
+20
🇦🇷 Berbers · Argentina
1724
-20
DS_Rene Lavand
6:46 Loom
8:41 Feudal Age
8:59 Man-at-Arms
14:07 Fletching
VALHALLA
7:07 Loom
9:49 Feudal Age
10:35 Double-Bit Axe
18:27 Fletching
Connection lost

Rejoining the realm…

Still unreachable

The connection could not be restored.

Session expired

The server has moved on; the page needs a fresh start.